 Dungeon Crawl Stone Soup version 0.13.1-27-ga479965 (webtiles) character file.

109 Chiseanne the Ruffian (level 3, 0/20 HPs)
             Began as a Gargoyle Transmuter on Jan 28, 2014.
             Killed from afar by Sigmund (4 damage)
             ... with a magic dart
             ... on Level 2 of the Dungeon.
             The game lasted 00:03:30 (1455 turns).

Chiseanne the Ruffian (Gargoyle Transmuter)         Turns: 1455, Time: 00:03:31

HP   0/20        AC  7     Str 18      XL: 3   Next: 14%
MP   4/4         EV 11     Int 14      God:
Gold 81          SH  0     Dex 10      Spells:  1 memorised,  6 levels left

Res.Fire  : . . .   See Invis. : .     - Unarmed
Res.Cold  : . . .   Warding    : .   i - +0 leather armour
Life Prot.: + . .   Conserve   : .   (no shield)
Res.Poison: +       Res.Corr.  : .   (no helmet)
Res.Elec. : +       Clarity    : .   (no cloak)
Sust.Abil.: . .     Spirit.Shd : .   (no gloves)
Res.Mut.  : .       Stasis     : .   c - +0 pair of boots
Res.Rott. : +       Flight     : .   (no amulet)
Saprovore : . . .                    (no ring)
                                     (no ring)

@: invisible, confused, mighty, very slightly contaminated, slowed, very slow,
not resistant to hostile enchantments, extremely unstealthy
A: fangs 1, talons 2, life protection 1, electricity resistance, slow metabolism
1, unbreathing, petrification resistance, AC +3
a: no special abilities


You were on level 2 of the Dungeon.
You were not hungry.

You visited 1 branch of the dungeon, and saw 2 of its levels.

You collected 61 gold pieces.

Inventory:

Missiles
 b - 12 arrows
Armour
 c - a +0 pair of boots (worn)
 i - a +0 leather armour (worn)
Comestibles
 a - a bread ration
 k - a meat ration
Scrolls
 e - a scroll of noise {unknown}
 g - a scroll of remove curse
 h - 2 scrolls of identify {unknown}
 j - a scroll of recharging {unknown}
Potions
 f - 2 potions of might
 m - a potion of invisibility
Books
 d - a book of Changes

   Spells                             Type                      Level
   *Beastly Appendage                 Transmutation                1
   Sticks to Snakes                   Transmutation                2
   Spider Form                        Transmutation/Poison         3
   Ice Form                           Ice/Transmutation            4
   Blade Hands                        Transmutation                5


   Skills:
 * Level 1.5 Fighting
 * Level 0.2 Armour
 * Level 2.0 Dodging
 - Level 3.2 Unarmed Combat
 * Level 2.5 Spellcasting
 * Level 1.8 Transmutations


You had 6 spell levels left.
You knew the following spells:

 Your Spells              Type           Power        Failure   Level  Hunger
a - Beastly Appendage     Trmt           #.....       14%         1    #......


Dungeon Overview and Level Annotations

Branches:
Dungeon (2/27)

Altars:

Annotations:
D:2 Sigmund


Innate Abilities, Weirdness & Mutations

You are resistant to torment.
You are immune to poison.
Your stone body is very resilient (AC +3).
You have very sharp teeth.
You have razor-sharp toenails.
You resist negative energy.
You are resistant to electric shocks.
You have a slow metabolism.
You can survive without breathing.
You are immune to petrification.


Message History

You hear a zap.
Something tries to affect you, but you resist.
The magic dart hits you!
* * * LOW HITPOINT WARNING * * *
Drink which item? (? for menu, Esc to quit)
You feel very mighty all of a sudden.
It was a potion of might.
Drink which item? (? for menu, Esc to quit)
You feel better.
It was a potion of curing.
You are confused.
The puff of flame hits you!
* * * LOW HITPOINT WARNING * * *
Drink which item? (? for menu, Esc to quit)
You fade into invisibility!
It was a potion of invisibility.
You hear a zap.
Something tries to affect you, but you resist.
You are very lightly contaminated with residual magic.
Ouch! The magic dart hits you!
You die...

#.# #.# ##.#
##..# #...#
##%## #%# #.#
#@# # . #.#
##### .#.
##.#####... ...
#......#.# ..#
##.......#####.#
#####.........#
#.......##
#.#####.# # #.#
#.# #


There were no monsters in sight!

Vanquished Creatures
  An ooze (D:2)
  2 bats (D:1)
  A goblin (D:2)
  4 hobgoblins (D:1)
  6 jackals (D:2)
  A ball python (D:1)
  A giant cockroach (D:1)
  2 giant geckos (D:1)
  A giant newt (D:1)
  A kobold (D:1)
  4 rats (D:1)
24 creatures vanquished.

Notes
Turn   | Place    | Note
--------------------------------------------------------------
     0 | D:1      | Chiseanne, the Gargoyle Transmuter, began the quest for the Orb.
     0 | D:1      | Reached XP level 1. HP: 12/12 MP: 1/1
   192 | D:1      | Reached XP level 2. HP: 4/16 MP: 0/3
  1385 | D:2      | Reached XP level 3. HP: 18/20 MP: 2/4
  1436 | D:2      | Noticed Sigmund
  1455 | D:2      | Killed from afar by Sigmund

Action                   || total
-------------------------++-------
Melee: Unarmed           ||    83
 Cast: Beastly Appendage ||    13
  Use: Scroll            ||     2
       Potion            ||     3
